 Dungeon Crawl Stone Soup version 0.30.0-29-ga12c61a403 (webtiles) character file.

Game seed: 11441193569813019730

162 Gorgondantess the Shooter (level 5, 0/37 HPs)
             Began as a Spriggan Hexslinger on June 21, 2023.
             Slain by a kobold brigand
             ... wielding a +0 short sword
              (3 damage)
             ... on level 4 of the Dungeon.
             The game lasted 00:08:11 (2724 turns).

Gorgondantess the Shooter (Spriggan Hexslinger)     Turns: 2724, Time: 00:08:13

Health: 0/37       AC:  4    Str:  3 (6)  XL:     5   Next: 19%
Magic:  0/8        EV: 17    Int: 19 (20) God:
Gold:   166        SH:  0    Dex: 14 (17) Spells: 3/7 levels left

rFire   + + .        l - +6 mace of Dacaatuxt {flame, rF+ Int+5}
rCold   . . .        (no shield)
rNeg    . . .        w - +2 robe {rF+}
rPois   .            (helmet restricted)
rElec   .            (no cloak)
rCorr   .            (gloves unavailable)
SInv    +            (boots unavailable)
Will    .....        y - amulet of guardian spirit Stlth
                     (no ring)
HPRegen 0.26/turn    (no ring)
MPRegen 0.11/turn

%: guardian spirit
@: brilliant, berserking, attractive, flying, slowed, very quick
A: very small, no large weapons, unfitting armour, see invisible, speed 3, low
MP 1, mutation resistance 1, MP-powered wands
a: no special abilities


You were on level 4 of the Dungeon.
You visited 1 branch of the dungeon, and saw 4 of its levels.

You collected 166 gold pieces.

Inventory:

Hand Weapons
 a - a +1 sling
 j - a +0 sling of freezing
 l - the +6 mace of Dacaatuxt (weapon) {flame, rF+ Int+5}
   (You found it on level 2 of the Dungeon)

   Int:       It affects your intelligence (+5).
   rF:        It protects you from fire.
 m - a +0 short sword
Armour
 c - a +0 robe
 w - a +2 robe of fire resistance (worn)
Jewellery
 y - an amulet of guardian spirit (around neck)
Wands
 p - a wand of iceblast (9)
Scrolls
 b - 2 scrolls of poison
 d - a scroll of acquirement {unknown}
 e - 3 scrolls of enchant weapon {unknown}
 g - a scroll of identify {unknown}
 i - a scroll of enchant armour {unknown}
 k - a scroll of summoning {unknown}
 r - a scroll of fog {unknown}
 u - a scroll of vulnerability {unknown}
 v - a scroll of amnesia {unknown}
 x - a scroll of fear {unknown}
 A - a scroll of blinking {unknown}
Potions
 h - a potion of brilliance
 z - a potion of lignification {unknown}


   Skills:
 - Level 0.7 Fighting
 * Level 5.0 Ranged Weapons
 - Level 2.6 Dodging
 + Level 1.0 Stealth
 + Level 1.9 Spellcasting
 + Level 3.8 Hexes
 + Level 0.5 Fire Magic


You had 3 spell levels left.
You knew the following spells:

 Your Spells              Type           Power      Damage    Failure   Level
a - Slow                  Hex            96%        N/A       3%          1
b - Inner Flame           Hex/Fire       15%        N/A       21%         3

Your spell library contained the following spells:

 Spells                   Type           Power      Damage    Failure   Level
 Ensorcelled Hibernation  Hex/Ice        26%        N/A       12%         2
 Portal Projectile        Hex/Tloc       26%        N/A       22%         3
 Gell's Gravitas          Tloc           2%         N/A       45%         3
 Spider Form              Tmut/Pois      2%         N/A       45%         3
 Teleport Other           Tloc           2%         N/A       45%         3
 Cause Fear               Hex            12%        N/A       34%         4
 Anguish                  Hex/Necr       6%         N/A       58%         4
 Dispersal                Tloc           1%         N/A       100%        6


Dungeon Overview and Level Annotations

Branches:
Dungeon (4/15)
 Temple: D:4-7

Altars:
Cheibriados
Hepliaklqana
Nemelex Xobeh
Yredelemnul
The Shining One


Innate Abilities, Weirdness & Mutations

You are very small and have problems with some larger weapons.
You are too small for most types of armour.
You have supernaturally acute eyesight. (SInv)
You cover ground extremely quickly. (Speed+++)
Your magical capacity is low. (-10% MP)
You are somewhat resistant to further mutation.
You expend magic power (3 MP) to strengthen your wands.


Message History

Unknown command.
It was a potion of mutation.
You feel extremely strange.
You feel less energetic.
You feel your magical essence link to the dungeon's wands.
You feel genetically stable.
* * * LOW HITPOINT WARNING * * *
You feel sick.
The kobold brigand hits you but does no damage.
Unknown command.
It was a potion of degeneration.
There was something very wrong with that liquid.
You feel weakened.
You feel dopey.
You feel clumsy.
* * * LOW HITPOINT WARNING * * *
You feel sick. The kobold brigand misses you.
The kobold brigand barely misses you.
It was a potion of flight.
You feel very buoyant.
You fly up into the air.
* * * LOW HITPOINT WARNING * * *
You feel sick.
The kobold brigand hits you with a +0 short sword.
* * * LOW HITPOINT WARNING * * *
It was a potion of curing.
You feel better.
The kobold brigand hits you with a +0 short sword.
* * * LOW HITPOINT WARNING * * *
The kobold brigand hits you with a +0 short sword.
* * * LOW HITPOINT WARNING * * *
It was a potion of berserk rage.
A red film seems to cover your vision as you go berserk!
You feel yourself moving faster!
You feel mighty! The kobold brigand barely misses you.
You are too berserk!
You are too berserk!
Your +0 sling of freezing stops glowing.
You feel clever.
The +6 mace of Dacaatuxt {flame, rF+ Int+5} bursts into flame!
l - the +6 mace of Dacaatuxt (weapon)
{flame, rF+ Int+5} You feel a strong urge to attack something.
The kobold brigand hits you with a +0 short sword.
You die...

♣.≈.≈≈≈.≈.♣ ♣.≈≈...≈≈.♣
♣.≈≈._.≈≈.♣ ♣.≈≈...≈≈.♣
♣.≈.≈≈≈.≈.♣ ♣.≈.....≈.♣
#. #######♣..≈≈≈≈≈..♣#
#...#.......♣♣♣♣♣♣♣♣♣.#
#...@...............#
###K###########......
... #####[# ###. #.# #.
#.# .. #.# ## #)# #.#
#.#


You could see a kobold brigand.

Vanquished Creatures
  An orc wizard (D:4)
  A hound zombie (D:3)
  4 adders (D:2)
  An ufetubus (D:4)
  8 orcs
  10 ball pythons
  7 bats
  4 endoplasms
  2 giant cockroaches
  5 goblins
  4 hobgoblins
  5 jackals (D:2)
  3 quokkas (D:1)
  3 frilled lizards
  A giant cockroach zombie (D:3)
  2 jackal zombies (D:3)
  3 kobolds
  5 rats
69 creatures vanquished.

Notes
Turn   | Place    | Note
-------+----------+-------------------------------------------
     0 | D:1      | Gorgondantess the Spriggan Hexslinger began the quest for
                  | the Orb.
     0 | D:1      | Reached XP level 1. HP: 9/9 MP: 3/3
   160 | D:1      | Reached XP level 2. HP: 12/14 MP: 5/5
   197 | D:1      | Reached skill level 3 in Ranged Weapons
   587 | D:2      | Identified the +6 mace of Dacaatuxt {flame, rF+ Int+5}
   653 | D:2      | Reached XP level 3. HP: 17/17 MP: 6/6
  1024 | D:2      | Reached skill level 4 in Ranged Weapons
  1536 | D:2      | Reached XP level 4. HP: 21/21 MP: 5/7
  1910 | D:3      | Found a glowing golden altar of the Shining One.
  1910 | D:3      | Found a snail-covered altar of Cheibriados.
  1912 | D:3      | Found a sparkling altar of Nemelex Xobeh.
  1956 | D:3      | HP: 1/21 [orc priest/divine providence (9)]
  2095 | D:3      | Learned a level 3 spell: Inner Flame
  2183 | D:3      | Found a faded altar of an unknown god.
  2222 | D:3      | Found a basalt altar of Yredelemnul.
  2593 | D:4      | Reached skill level 5 in Ranged Weapons
  2593 | D:4      | Reached XP level 5. HP: 22/25 MP: 5/8
  2630 | D:4      | Found a hazy altar of Hepliaklqana.
  2633 | D:4      | Reached skill level 1 in Stealth
  2719 | D:4      | Gained mutation: Your magical capacity is low. (-10% MP)
                  | [potion of mutation]
  2719 | D:4      | Gained mutation: You expend magic power (3 MP) to
                  | strengthen your wands. [potion of mutation]
  2719 | D:4      | Gained mutation: You are somewhat resistant to further
                  | mutation. [potion of mutation]
  2721 | D:4      | HP: 1/25 [kobold brigand/+0 short sword (1)]
  2724 | D:4      | Slain by a kobold brigand

Illustrated notes

Levels and vault maps discovered:
D:1:      dpeg_cavernosity, layout_rooms
D:2:      layout_basic, mrwooster_statue_mirror, kennysheep_decorative_pillar
D:3:      layout_rooms, nicolae_overflow_hidden_temple,
          nicolae_yredelemnul_corpse_copse,
          shapermc_ecumenical_altar_notcrosses, chequers_serial_rivers_micro_a
D:4:      layout_basic, mainiacjoe_overflow_paths

Skill      XL: |  1  2  3  4  5 |
---------------+----------------+-----
Ranged Weapons | 3 4 5 |  5.0
Stealth        | 1 |  1.0
Fighting       | |  0.7
Dodging        | |  2.6
Spellcasting   | |  1.9
Hexes          | |  3.8
Fire Magic     | |  0.5

Action                     |  1- 3 |  4- 6 || total
---------------------------+-------+-------++-------
   Fire: Sling             |    95 |   103 ||   198
   Cast: Slow              |     1 |    11 ||    12
    Use: Potion            |       |     7 ||     7
 Armour: Robe              |     3 |     4 ||     7
  Dodge: Dodged            |    24 |    27 ||    51
